 Dungeon Crawl Stone Soup version 0.30-a0-881-g1ff12e1e11 (webtiles) character file.

Game seed: 6450919693225757489

571 iguanaiguana the Chiller (level 7, 0/53 HPs)
             Began as an Armataur Ice Elementalist on Mar 15, 2023.
             Slain by a killer bee zombie (2 damage)
             ... on level 5 of the Dungeon.
             The game lasted 00:12:09 (1505 turns).

iguanaiguana the Chiller (AtIE)                     Turns: 1505, Time: 00:12:10

Health: 0/53       AC:  4    Str: 13    XL:     7   Next: 12%
Magic:  8/10       EV:  9    Int: 17    God:
Gold:   82         SH:  0    Dex: 11    Spells: 3/10 levels left

rFire   . . .      SeeInvis .    e - +0 flail (protect)
rCold   . . .      Faith    .    (no shield)
rNeg    . . .      Spirit   .    a - +0 robe
rPois   .          Reflect  .    (no helmet)
rElec   .          Roll     +    (no cloak)
rCorr   .                        (no gloves)
Will    .....                    (no barding)
Stlth   ++                       (no amulet)
HPRegen 0.28/turn                (no ring)
MPRegen 0.12/turn                (no ring)

@: no status effects
A: large, rugged brown scales 3, deformed body, armoured tail, roll, long
tongue, awkward tongue
a: no special abilities


You were on level 5 of the Dungeon.
You visited 1 branch of the dungeon, and saw 7 of its levels.
You also visited: Sewer.

You collected 179 gold pieces.
You spent 97 gold pieces at shops.

Inventory:

Hand Weapons
 e - a +0 flail of protection (weapon)
 i - a +1 sling
Missiles
 p - 2 javelins
Armour
 a - a +0 robe (worn)
Wands
 d - a wand of mindburst (18)
 r - a wand of flame (26)
Scrolls
 f - 2 scrolls of identify {@r1}
 q - a scroll of blinking {@r4}
Potions
 b - 2 potions of magic
 c - 3 potions of curing {unknown}
 g - a potion of might {@q3}
 h - a potion of ambrosia {unknown}
 j - a potion of mutation {unknown}
 k - 5 potions of flight
 l - a potion of haste {unknown}
 m - a potion of cancellation {unknown}
 n - a potion of brilliance {unknown}
 o - 3 potions of heal wounds {unknown}
 s - a potion of berserk rage {unknown}


   Skills:
 - Level 1.3 Dodging
 - Level 2.1 Stealth
 + Level 2.0 Spellcasting
 - Level 3.0 Summonings
 - Level 7.0 Ice Magic


You had 3 spell levels left.
You knew the following spells:

 Your Spells              Type           Power      Damage    Failure   Level
a - Freeze                Ice            100%       1d10      1%          1
b - Frozen Ramparts       Ice            50%        1d8       3%          3
c - Ozocubu's Armour      Ice            25%        N/A       3%          3

Your spell library contained the following spells:

 Spells                   Type           Power      Damage    Failure   Level
 Summon Ice Beast         Ice/Summ       18%        N/A       24%         4


Dungeon Overview and Level Annotations

Branches:
Dungeon (7/15) Zot: 26740   Sewer (visited)
 Temple: D:4-7

Altars:
Wu Jian

Shops:
D:5 ?

Annotations:
D:5 Newt's ghost, novice KoHu


Innate Abilities, Weirdness & Mutations

You are completely covered in rugged brown scales. (AC +3, +7% HP)
Armour fits poorly on your strangely shaped body.
You have a long armoured tail.
You roll when moving toward enemies. (Rampage)
Your long tongue fully drains potion bottles. (2x potion effects)
Your tongue gives you trouble enunciating. (1.5x scroll delay)


Message History

The killer bee zombie attacks as you move away!
You see here a pink potion.
s - a pink potion The killer bee zombie hits you.
The centaur skeleton hits you. The killer bee zombie hits you.
The centaur skeleton attacks as you move away!
The centaur skeleton attacks as you move away!
The centaur skeleton attacks as you move away!
The killer bee zombie attacks as you move away!
The killer bee zombie hits you. The killer bee zombie hits you!
* * * LOW HITPOINT WARNING * * *
There is a transporter here.
You enter the transporter and appear at another place.
The killer bee zombie hits you.
* * * LOW HITPOINT WARNING * * *
The killer bee zombie hits you.
* * * LOW HITPOINT WARNING * * *
The killer bee zombie hits you.
* * * LOW HITPOINT WARNING * * *
Newt's ghost ripples.
The killer bee zombie hits you.
* * * LOW HITPOINT WARNING * * *
The killer bee zombie attacks as you move away!
The killer bee zombie hits you.
* * * LOW HITPOINT WARNING * * *
The centaur skeleton hits you.
* * * LOW HITPOINT WARNING * * *
The centaur skeleton attacks as you move away!
The centaur skeleton kicks you.
* * * LOW HITPOINT WARNING * * *
The killer bee zombie hits you.
* * * LOW HITPOINT WARNING * * *
The killer bee zombie hits you.
* * * LOW HITPOINT WARNING * * *
The centaur skeleton attacks as you move away!
The centaur skeleton kicks you.
* * * LOW HITPOINT WARNING * * *
There is an escape hatch in the ceiling here.
The killer bee zombie hits you.
You die...

..# ..# ..# ...... ..#
....... ..# .......#
..# .......#####+#####
.## #................
.# #................ .#
#.......Z@....... .#
#.......Z........ .#
#.........######.
.#######.........#..).#
....................).#
..........©........+###
....#############...##
....#.....[!...©#....#
....#...........#....#


You could see a killer bee zombie and a centaur skeleton.

Vanquished Creatures
  A sky beast (D:6)
  A phantom (D:4)
  A jelly (D:5)
  A sleepcap (D:5)
  2 iguanas
  3 orc wizards (D:4)
  3 gnolls (D:5)
  10 adders
  2 river rats
  An ufetubus (D:5)
  A worm (D:3)
  3 dart slugs
  8 orcs
  10 bats
  4 endoplasms
  4 giant cockroaches
  5 goblins
  4 hobgoblins
  2 jackals (Sewer)
  4 quokkas
  8 ball pythons
  6 frilled lizards
  2 rats (D:4)
86 creatures vanquished.

Notes
Turn   | Place    | Note
-------+----------+-------------------------------------------
     0 | D:1      | iguanaiguana the Armataur Ice Elementalist began the quest
                  | for the Orb.
     0 | D:1      | Reached XP level 1. HP: 14/14 MP: 3/3
   170 | D:2      | Reached skill level 4 in Ice Magic
   211 | D:1      | Reached XP level 2. HP: 21/21 MP: 4/4
   488 | D:4      | Reached XP level 3. HP: 27/27 MP: 6/6
   512 | D:4      | Learned a level 3 spell: Frozen Ramparts
   547 | D:4      | Noticed a phantom
   557 | D:4      | Killed a phantom
   558 | D:4      | Reached skill level 5 in Ice Magic
   558 | D:4      | Reached XP level 4. HP: 29/35 MP: 5/7
   612 | D:4      | Reached XP level 5. HP: 35/40 MP: 4/8
   659 | D:4      | Reached skill level 6 in Ice Magic
   674 | D:4      | Found a glowing drain.
   683 | Sewer    | Entered a sewer
   899 | Sewer    | Reached XP level 6. HP: 38/48 MP: 3/9
  1114 | D:4      | Found an ornate altar of the Wu Jian Council.
  1180 | D:4      | Learned a level 3 spell: Ozocubu's Armour
  1221 | D:5      | Entered Level 5 of the Dungeon
  1221 | D:5      | Found Vuid Qenk's Magic Scroll Emporium.
  1227 | D:5      | Reached skill level 7 in Ice Magic
  1228 | D:5      | Bought a scroll of blinking for 97 gold pieces
  1252 | D:6      | Noticed a sky beast
  1265 | D:6      | Killed a sky beast
  1266 | D:6      | Reached skill level 1 in Summonings
  1435 | D:5      | Reached XP level 7. HP: 44/53 MP: 6/10
  1445 | D:5      | Found a transporter.
  1480 | D:5      | Found a transporter.
  1482 | D:5      | Noticed Newt's ghost (novice KoHu)
  1504 | D:5      | HP: 2/53 [centaur skeleton (2)]
  1505 | D:5      | Slain by a killer bee zombie

Illustrated notes

Levels and vault maps discovered:
D:1:      minmay_arrival_widening_spiral_wide, layout_basic,
          shapermc_ecumenical_altar_flowoftime
D:2:      layout_basic
D:3:      layout_loops_ring
D:4:      layout_cave_pools, nicolae_wu_jian_wuxing_cycle, portal_sewer_entry_b,
          kennysheep_generic_room_14
D:5:      layout_gridville, minmay_temple_entry_statues_pillars,
          gammafunk_ghost_mausoleum, minivault_14, nicolae_stop_n_shop_2
D:6:      layout_rooms, mainiacjoe_overflow_six_doors_small, minivault_22
D:7:      layout_rooms, xom_shifter_show, tso_oasis_becter, uniq_menkaure

Skill      XL: |  1  2  3  4  5  6  7 |
---------------+----------------------+-----
Ice Magic      | 4 5 6 7 |  7.0
Spellcasting   | 2 |  2.0
Summonings     | 2 3 |  3.0
Dodging        | |  1.3
Stealth        | |  2.1

Action                     |  1- 3 |  4- 6 |  7- 9 || total
---------------------------+-------+-------+-------++-------
  Melee: Unarmed           |     3 |       |       ||     3
         Tailslap          |     1 |    13 |     1 ||    15
         Flail             |       |   114 |     3 ||   117
   Fire: Sling             |    54 |       |       ||    54
   Cast: Freeze            |    22 |       |       ||    22
         Frozen Ramparts   |     1 |    17 |     1 ||    19
         Ozocubu's Armour  |       |     1 |     1 ||     2
  Evoke: Wand              |     4 |       |       ||     4
    Use: Scroll            |     5 |       |       ||     5
   Stab: Sleeping          |       |     1 |       ||     1
 Armour: Robe              |     9 |   124 |    14 ||   147
  Dodge: Dodged            |    23 |   150 |    25 ||   198

Table legend: (Time is in decaauts)
 A = Elapsed time spent in this place.
 B = Non-inter-level travel time spent in this place.
 C = Inter-level travel time spent in this place.
 D = Time resting spent in this place.
 E = Time spent auto-exploring this place.
 F = Levels seen in this place.
 G = Mean time per level.
                   A        B        C        D        E       F      G
               +--------+--------+--------+--------+--------+-----+--------+
         Total |   1576 |   1518 |     58 |      0 |      0 |   8 |  197.0 |
       Dungeon |   1223 |   1165 |     58 |      0 |      0 |   7 |  174.7 |
         Sewer |    353 |    353 |      0 |      0 |      0 |   1 |  353.0 |
               +--------+--------+--------+--------+--------+-----+--------+

Top non-repeatable levels by time:
     D:4: 427 daAuts
   Sewer: 353 daAuts
     D:5: 269 daAuts
     D:3: 211 daAuts
     D:2: 149 daAuts
     D:1: 139 daAuts
     D:6: 23 daAuts
     D:7: 1 daAuts
